 Dungeon Crawl Stone Soup version 0.29.0-4-gdea44cf6ec (webtiles) character file.

Game seed: 4331255188284765114

5723 gelatine the Magician (level 10, 0/74 HPs)
             Began as a Demonspawn Fire Elementalist on Aug 26, 2022.
             Was a Follower of Vehumet.
             Slain by an orc warrior
             ... wielding a +0 war axe
              (25 damage)
             ... in a bailey.
             The game lasted 00:51:44 (11672 turns).

gelatine the Magician (DsFE)                       Turns: 11672, Time: 00:51:45

Health: 0/74       AC:  9    Str:  9    XL:     10   Next: 48%
Magic:  6/21       EV: 11    Int: 20    God:    Vehumet [*.....]
Gold:   762        SH:  4    Dex: 14    Spells: 14/24 levels left

rFire   + + .      SeeInvis .   O - +7 quarterstaff "Soamuy" {speed, rElec rF+}
rCold   + . .      Faith    .   (shield currently unavailable)
rNeg    + . .      Spirit   .   m - +2 ring mail {rC+}
rPois   .          Reflect  .   s - +0 helmet
rElec   +          Harm     .   y - +0 cloak
rCorr   +          Rampage  .   (no gloves)
Will    .....                   (no boots)
Stlth   ++........              S - amulet of regeneration
HPRegen 3.02/turn               c - ring "Neoc" {rF+ rCorr Slay+4}
MPRegen 0.17/turn               u - ring of positive energy

@: no status effects
A: powered by death 2, sturdy frame 1, condensation shield, weakness stinger 2
a: Renounce Religion


You were in a bailey.
You worshipped Vehumet.
Vehumet was aware of your devotion.
You visited 2 branches of the dungeon, and saw 9 of its levels.
You also visited: Ossuary and Bailey.

You collected 1154 gold pieces.
You spent 392 gold pieces at shops.

Inventory:

Hand Weapons
 w - the +4 dagger "Morg" {pain, Will+ Int+5}
   (You found it on level 4 of the Dungeon)

   In the hands of one skilled in necromantic magic, it inflicts extra damage on
   living creatures.
   Int:       It affects your intelligence (+5).
   Will:      It increases your willpower.
 O - the +7 quarterstaff "Soamuy" (weapon) {speed, rElec rF+}
   (You found it on level 7 of the Dungeon)

   Attacks with this weapon are significantly faster.
   rF:        It protects you from fire.
   rElec:     It insulates you from electricity.
Missiles
 k - 4 boomerangs of dispersal
 o - 5 poisoned darts
 D - 5 throwing nets
Armour
 f - a +0 robe of cold resistance
 m - a +2 ring mail of cold resistance (worn)
 s - a +0 helmet (worn)
 y - a +0 cloak (worn)
 P - a +0 buckler
Magical Staves
 p - a staff of fire
Jewellery
 c - the ring "Neoc" (left hand) {rF+ rCorr Slay+4}
   (You found it on level 2 of the Dungeon)

   [ring of slaying]

   Slay:      It affects your accuracy & damage with ranged weapons and melee
   (+4).
   rF:        It protects you from fire.
   rCorr:     It protects you from acid and corrosion.
 u - a ring of positive energy (right hand)
 A - a ring of ice
 H - a ring of resist corrosion
 S - an amulet of regeneration (around neck)
Wands
 q - a wand of flame (11)
 t - a wand of charming (18)
Scrolls
 d - 4 scrolls of teleportation
 e - a scroll of vulnerability
 r - 3 scrolls of fear {unknown}
 v - 3 scrolls of enchant weapon {unknown}
 C - a scroll of brand weapon
 F - a scroll of fog
 G - a scroll of amnesia {unknown}
 J - 3 scrolls of enchant armour {unknown}
 Q - a scroll of immolation {unknown}
 R - a scroll of poison {unknown}
Potions
 a - 6 potions of might
 b - a potion of berserk rage
 g - 4 potions of haste
 h - a potion of experience
 j - 3 potions of heal wounds
 l - 4 potions of curing
 n - a potion of resistance
 x - a potion of ambrosia {unknown}
 z - a potion of attraction {unknown}
 B - 3 potions of brilliance {unknown}
 E - 2 potions of flight {unknown}
 I - a potion of invisibility
 K - a potion of magic
 L - a potion of lignification {unknown}
 M - a potion of cancellation {unknown}
 N - a potion of mutation


   Skills:
 * Level 5.2 Fighting
 + Level 3.5 Staves
 + Level 1.8 Armour
 + Level 2.4 Dodging
 + Level 3.1 Stealth
 + Level 3.4 Shields
 + Level 7.9 Spellcasting
 + Level 4.6 Conjurations
 + Level 1.6 Necromancy
 + Level 7.0 Fire Magic
 + Level 4.7 Evocations


You had 14 spell levels left.
You knew the following spells:

 Your Spells              Type           Power      Damage    Failure   Level
a - Foxfire               Conj/Fire      100%       2x1d9     1%          1
b - Scorch                Fire           72%        2d8       1%          2
c - Flame Wave            Conj/Fire      31%        2d9       13%         4
d - Mephitic Cloud        Conj/Pois/Air  14%        N/A       22%         3

Your spell library contained the following spells:

 Spells                   Type           Power      Damage    Failure   Level
 Magic Dart               Conj           100%       1d8       2%          1
 Conjure Flame            Conj/Fire      31%        6-21      3%          3
 Inner Flame              Hex/Fire       22%        N/A       10%         3
 Sublimation of Blood     Necr           14%        N/A       11%         2
 Ignite Poison            Fire/Tmut/Pois 17%        N/A       16%         3
 Ensorcelled Hibernation  Hex/Ice        14%        N/A       22%         2
 Wereblood                Tmut           7%         N/A       22%         2
 Spider Form              Tmut/Pois      8%         N/A       38%         3
 Frozen Ramparts          Ice            14%        1d3       41%         3
 Gell's Gravitas          Tloc           7%         N/A       41%         3
 Lesser Beckoning         Tloc           7%         N/A       41%         3
 Teleport Other           Tloc           7%         N/A       41%         3
 Anguish                  Hex/Necr       5%         N/A       71%         4
 Ice Form                 Ice/Tmut       7%         N/A       82%         4
 Summon Ice Beast         Ice/Summ       7%         N/A       82%         4
 Freezing Cloud           Conj/Ice/Air   7%         6-21      91%         5
 Enfeeble                 Hex            3%         N/A       100%        7
 Summon Hydra             Summ           3%         N/A       100%        7


Dungeon Overview and Level Annotations

Branches:
Dungeon (8/15)             Temple (1/1) D:7         Ossuary (visited)
 Bailey (1/1)
   Lair: D:8-11

Altars:
Ashenzari
Cheibriados
Gozag
Hepliaklqana
Kikubaaqudgha
Makhleb
Nemelex Xobeh
Okawaru
Qazlal
Ru
Sif Muna
Trog
Uskayaw
Vehumet
Wu Jian
Xom
Yredelemnul

Shops:
D:1 [   D:6 :


Innate Abilities, Weirdness & Mutations

You regenerate health from kills.
Your movements are slightly less encumbered by armour. (ER -2)
A meltable shield of frost defends you. (SH +4)
You have a tail ending in a sharp stinger.


Message History

The orc warrior is heavily wounded.
You finish channelling waves of flame.
You hear a shout!
Casting: Flame Wave (dangerous; 13% risk of failure)
Confirm with . or Enter, or press ? or * to list all spells.
Flames lash the orc warlord.
The orc warlord is heavily wounded.
The orc warlord's fire resistance burns away.
You feel much better.
The orc warrior hits you with a +0 war axe.
Casting: Scorch (safe; 1% risk of failure)
Confirm with . or Enter, or press ? or * to list all spells.
Flames lash the orc warlord.
The orc warlord is burned terribly!
The orc warlord is heavily wounded.
The orc warlord hits you with a +5 broad axe!!
* * * LOW HITPOINT WARNING * * *
The orc warrior hits you with a +0 war axe.
* * * LOW HITPOINT WARNING * * *
Casting: Scorch (safe; 1% risk of failure)
Confirm with . or Enter, or press ? or * to list all spells.
Flames lash the orc warrior.
The orc warrior is almost dead.
The orc warrior's fire resistance burns away.
The orc warrior barely misses you.
You sock the orc warrior!
You kill the orc warrior!
Vehumet accepts your kill.
The orc warlord chortles and stares into space.
Items here: !! ))) [[[ †.
The orc warlord seems less confused.
The orc warlord roars a battlecry!
The orc warrior goes into a battle-frenzy!
There is an open door here.
You barely miss the orc warrior.
You tail-slap the orc warrior, but do no damage.
You block the orc warrior's attack.
You hit the orc warrior.
Your tail-slap misses the orc warrior.
The orc warrior is lightly wounded.
The orc warrior hits you with a +0 war axe!!
You die...

##
###.........##.......♣
#...........#........
#...........'.......♣
#.)...⌠)....'..∩.∩..♣
#......)....'.......♣
#...).).....#.......♣
###..)).....##......♣♣
###.###o)...###♣♣♣....♣
###.....#@#.### ♣♣..♣♣
##.......).### ♣♣♣♣
#...........#
#...........#
#.....⌠.....#
+...........#
#...........#
##.........##
###.....###


You could see an orc warrior (strong).

Vanquished Creatures
  Prince Ribbit (D:7)
  Sigmund (D:4)
  Edmund (D:4)
  A water moccasin (D:7)
  Duvessa (D:7)
  An ice beast (D:6)
  A sky beast (D:6)
  9 orc warriors
  A black bear (D:5)
  5 ogres
  4 gnoll sergeants (D:6)
  5 scorpions
  4 necrophages
  6 wights (D:7)
  Dowan (D:7)
  9 killer bees (D:7)
  3 howler monkeys
  A centaur zombie (Ossuary)
  2 jellies (D:6)
  An orc priest (D:5)
  10 hounds
  A human zombie (Ossuary)
  5 gnoll boudas (D:6)
  4 orc wizards
  A scorpion zombie (D:3)
  Natasha (thrice) (D:2)
  A hound zombie (D:3)
  4 mummies (Ossuary)
  A howler monkey zombie (D:3)
  Robin (D:3)
  7 adders
  51 gnolls
  A shadow imp (D:7)
  2 white imps (D:6)
  An ufetubus (D:7)
  An adder zombie (D:3)
  3 worms (D:2)
  5 dart slugs
  22 orcs
  8 bats
  10 endoplasms
  3 giant cockroaches
  21 hobgoblins
  12 jackals
  14 kobolds
  5 quokkas
  3 ball pythons
  4 frilled lizards
  A gnoll zombie (Ossuary)
  35 goblins
  3 hobgoblin zombies (Ossuary)
  A kobold zombie (Ossuary)
  An orc zombie (Ossuary)
  8 rats
311 creatures vanquished.

Vanquished Creatures (collateral kills)
  2 orc warriors (Bailey)
  A gnoll (Bailey)
  A goblin (Bailey)
  8 foxfires
12 creatures vanquished.

Vanquished Creatures (others)
  1017 foxfires
  6 plants
1023 creatures vanquished.

Grand Total: 1346 creatures vanquished

Notes
Turn   | Place    | Note
-------+----------+-------------------------------------------
     0 | D:1      | gelatine the Demonspawn Fire Elementalist began the quest
                  | for the Orb.
     0 | D:1      | Reached XP level 1. HP: 13/13 MP: 3/3
   355 | D:1      | Gained mutation: You regenerate a little health from kills.
                  | [demonic ancestry]
   355 | D:1      | Reached XP level 2. HP: 19/19 MP: 1/5
   552 | D:1      | Found a faded altar of an unknown god.
   845 | D:1      | Found Xaigedet's Armour Emporium.
   873 | D:1      | Learned a level 2 spell: Scorch
  1249 | D:2      | Identified the ring "Neoc" {rF+ rCorr Slay+4}
  1467 | D:2      | Found an iron altar of Okawaru.
  1490 | D:2      | Gained mutation: You regenerate health from kills. [demonic
                  | ancestry]
  1490 | D:2      | Reached XP level 3. HP: 24/24 MP: 0/6
  1894 | D:2      | Noticed Natasha
  1905 | D:2      | Killed Natasha
  1906 | D:2      | Gained mutation: A meltable shield of frost defends you.
                  | (SH +4) [demonic ancestry]
  1906 | D:2      | Reached XP level 4. HP: 15/30 MP: 4/8
  2125 | D:2      | Noticed Natasha
  2132 | D:2      | Killed Natasha
  2215 | D:2      | Noticed Natasha
  2221 | D:2      | Killed Natasha
  2619 | D:3      | Gained mutation: You have a small tail. [demonic ancestry]
  2619 | D:3      | Reached XP level 5. HP: 26/35 MP: 6/10
  2696 | D:3      | Noticed Robin
  2700 | D:3      | Killed Robin
  2707 | D:3      | Reached skill level 1 in Fighting
  3253 | D:3      | Found a basalt altar of Yredelemnul.
  3329 | D:3      | Reached skill level 1 in Evocations
  3564 | D:3      | Learned a level 4 spell: Flame Wave
  3565 | D:4      | Found a broken altar of Ashenzari.
  3816 | D:4      | Reached XP level 6. HP: 43/43 MP: 4/12
  4201 | D:4      | Reached skill level 1 in Staves
  4266 | D:4      | Found the +4 dagger "Morg" {pain, Will+ Int+5}
  4318 | D:4      | Reached XP level 7. HP: 49/49 MP: 0/13
  4665 | D:4      | Noticed Sigmund
  4669 | D:4      | Killed Sigmund
  4670 | D:4      | Reached skill level 1 in Shields
  4711 | D:4      | Noticed Edmund
  4758 | D:4      | Killed Edmund
  5188 | D:5      | Entered Level 5 of the Dungeon
  5212 | D:5      | Reached skill level 5 in Spellcasting
  5284 | D:5      | Gained mutation: Your movements are slightly less
                  | encumbered by armour. (ER -2) [demonic ancestry]
  5284 | D:5      | Reached XP level 8. HP: 57/57 MP: 0/15
  5792 | D:5      | Found an opulent altar of Gozag.
  6506 | D:6      | Reached skill level 5 in Fire Magic
  6902 | D:6      | Reached XP level 9. HP: 64/64 MP: 1/17
  7014 | D:6      | Found Jeipyet's Book Emporium.
  7022 | D:6      | Bought a Trismegistus Codex for 392 gold pieces
  7026 | D:6      | Learned a level 3 spell: Mephitic Cloud
  7849 | D:6      | Reached skill level 1 in Necromancy
  8987 | D:7      | Found a hide-covered altar of Uskayaw.
  9147 | D:7      | Found a staircase to the Ecumenical Temple.
  9222 | D:7      | Found a sand-covered staircase.
  9229 | Ossuary  | Entered an ossuary
  9736 | D:7      | Gained mutation: You have a tail ending in a sharp stinger.
                  | [demonic ancestry]
  9736 | D:7      | Reached XP level 10. HP: 69/73 MP: 8/20
  9739 | D:7      | Identified the +7 quarterstaff "Soamuy" {speed, rElec rF+}
  9882 | Temple   | Entered the Ecumenical Temple
 10066 | Temple   | Became a worshipper of Vehumet
 10241 | D:7      | Found a shimmering blue altar of Sif Muna.
 10260 | D:7      | Found a hazy altar of Hepliaklqana.
 10260 | D:7      | Found a sparkling altar of Nemelex Xobeh.
 10459 | D:7      | Noticed Prince Ribbit
 10466 | D:7      | Killed Prince Ribbit
 10564 | D:7      | Noticed Duvessa
 10564 | D:7      | Noticed Dowan
 10580 | D:7      | Killed Dowan
 10583 | D:7      | Killed Duvessa
 10960 | D:8      | Found a flagged portal.
 10973 | Bailey   | Entered a bailey
 11018 | Bailey   | Reached skill level 5 in Fighting
 11284 | Bailey   | Reached skill level 1 in Armour
 11365 | Bailey   | Reached * piety under Vehumet
 11365 | Bailey   | Offered knowledge of Magic Dart by Vehumet.
 11608 | Bailey   | Noticed an orc warlord
 11672 | Bailey   | Slain by an orc warrior

Illustrated notes

Levels and vault maps discovered:
D:1:      scummos_arrival_forest, layout_basic, serial_shops,
          nicolae_shop_behind_doors, shapermc_ecumenical_altar_mp_highgroup
D:2:      layout_basic, basic_altar, minmay_tromino_v7, uniq_natasha
D:3:      layout_rooms, nicolae_yredelemnul_corpse_copse, minivault_26,
          uniq_robin
D:4:      minmay_polygon_palace, layout_cave_pools,
          nicolae_overflow_crystal_walls, serial_bayou, serial_bayou_crossing,
          serial_bayou_lagoon_b, serial_bayou_ford_a, serial_bayou_pond_a,
          sigmund_edmund_badplayer
D:5:      layout_rooms, nicolae_gozag_cash_rules_everything_around_me,
          minmay_misc_feat_cross
D:6:      corexii_shantytown, layout_cave_pools, serial_gnoll_camp,
          gnoll_camp_mini_shop, gnoll_camp_mini_basic, gnoll_camp_medium_02,
          gnoll_camp_medium_01, gnoll_camp_huts_basic
D:7:      layout_loops_cross, gammafunk_temple_overflow_forgotten,
          nicolae_uskayaw_dance_hall, minmay_temple_entry_glass,
          enter_ossuary_5, chequers_avenue, eino_jars, uniq_duvessa,
          uniq_prince_ribbit1
D:8:      minmay_goldmine, layout_gridville, mainiacjoe_overflow_chevrons,
          enter_bailey_3, uniq_pikel, uniq_psyche, uniq_maurice
Temple:   nicolae_temple_slightly_damp_pantheon
Bailey:   bailey_axe_minmay_hex_keep, bailey

Skill      XL: |  1  2  3  4  5  6  7  8  9 10 |
---------------+-------------------------------+-----
Stealth        | 2 3 |  3.1
Fire Magic     | 3 4 5 6 7 |  7.0
Spellcasting   | 3 4 5 7 |  7.9
Fighting       | 1 2 3 4 5 |  5.2
Evocations     | 1 2 3 4 |  4.7
Dodging        | 2 |  2.4
Conjurations   | 2 3 4 |  4.6
Staves         | 1 2 3 |  3.5
Shields        | 1 3 |  3.4
Necromancy     | 1 |  1.6
Armour         | 1 |  1.8

Action                   |  1- 3 |  4- 6 |  7- 9 | 10-12 || total
-------------------------+-------+-------+-------+-------++-------
Melee: Dagger            |    12 |     5 |    10 |       ||    27
       Staff             |       |    30 |    75 |    11 ||   116
       Tailslap          |       |     3 |     9 |     4 ||    16
       Punch             |       |       |     3 |     1 ||     4
       Quarterstaff      |       |       |       |    30 ||    30
Throw: Boomerang         |       |       |     1 |       ||     1
 Cast: Foxfire           |    46 |   108 |   361 |    96 ||   611
       Scorch            |    13 |    21 |    50 |    28 ||   112
       Flame Wave        |       |       |     5 |     6 ||    11
       Mephitic Cloud    |       |       |     4 |     5 ||     9
Evoke: Wand              |       |       |     3 |       ||     3
  Use: Scroll            |     4 |     2 |     7 |     4 ||    17
       Potion            |     1 |       |       |     2 ||     3
 Stab: Sleeping          |       |     2 |     1 |       ||     3
       Confused          |       |       |     1 |       ||     1
Armor: Robe              |     4 |     6 |    21 |     1 ||    32
       Ring mail         |       |       |       |     3 ||     3
Dodge: Dodged            |    11 |    25 |    76 |    30 ||   142
Block: Other             |       |     6 |    21 |    10 ||    37
